Map: Acid Plant LE

Players

PtitDrogo

  • Race: Protoss Protoss
  • Spawn Location: 5:00

HeRoMaRinE - Winner!

  • Race: Terran Terran
  • League: Master
  • Spawn Location: 11:00

Event: HomeStory Cup XVII

VOD

Have the link to the VOD?

Description

Time

  • Played on: June 29, 2018, 12:06 p.m.
  • Length: 8:37

All games in this series

Show
View Real Time Build Order
Export as new Build Order

PtitDrogo Protoss 

Build Orders: 1 Gate Expand, Double Forge, Blink Stalkers 

Get SALT Encoding   

  12  0:01  Probe  
  13  0:13  Probe  
  14  0:17  Pylon  
  14  0:24  Probe  
  15  0:32  Probe  
  15  0:37  Gateway  
  15  0:40  Probe  
  16  0:46  Assimilator  
  17  0:51  Probe  
  18  1:03  Probe  
  19  1:16  Probe  
  20  1:22  Nexus  
  20  1:31  Cybernetics Core  
  20  1:34  Probe  
  20  1:39  Assimilator  
  21  1:46  Probe  
  22  1:50  Pylon  
  22  1:58  Probe  
  22  1:59  Stalker  
  23  2:08  Warp Gate  
  23  2:10  Probe  
  26  2:16  Twilight Council  
  26  2:22  Probe  
  26  2:29  Stalker  
  29  2:30  Probe  
  29  2:31  Probe  
  29  2:34  Blink  
  31  2:38  Probe  
  31  2:39  Probe  
  33  2:48  Probe  
  33  2:49  Probe  
  35  3:00  Probe  
  35  3:01  Probe  
  37  3:07  Stalker  
  37  3:12  Probe  
  40  3:14  Gateway  
  40  3:19  Gateway  
  40  3:25  Probe x2  
  42  3:37  Stalker  
  42  3:38  Robotics Facility  
  42  3:40  Probe x2  
  46  3:43  Pylon  
  46  4:03  Nexus  
  46  4:11  Probe x2  
  46  4:12  Stalker  
  46  4:13  Stalker  
  46  4:14  Stalker  
  54  4:17  Pylon  
  54  4:25  Assimilator  
  54  4:29  Observer  
  54  4:30  Pylon  
  54  4:35  Probe x2  
  57  4:41  Forge  
  57  4:43  Forge  
  57  4:47  Probe x2  
  59  4:59  Probe x2, Observer  
  62  5:10  Gateway  
  62  5:11  Probe x2  
  62  5:12  Gateway x2, Sentry, Protoss Ground Weapons Level 1  
  66  5:14  Charge  
  66  5:16  Protoss Ground Armor Level 1, Probe  
  67  5:23  Probe x2, Stalker x2  
  67  5:28  Probe  
  61  5:53  Probe x2  
  61  5:59  Zealot x3  
  61  6:01  Probe  
  68  6:05  Probe  
  69  6:13  Stalker  
  69  6:14  Stalker  
  72  6:21  Assimilator  
  66  6:37  Stalker x4  
  66  6:39  Stalker  
  70  6:48  Probe  
  68  6:55  Pylon  
  68  6:56  Pylon  
  68  6:57  Pylon  
  64  7:05  Zealot x3  
  70  7:14  Zealot  
  72  7:17  Zealot  
  74  7:26  Stalker x2  
  48  7:45  Stalker x3  
  48  7:46  Stalker  
  56  8:13  Probe x2  
  56  8:18  Sentry, Dark Shrine  
  60  8:20  Sentry  
  60  8:25  Probe  
  63  8:28  Nexus  
  63  8:30  Pylon  
Show
View Real Time Build Order
Export as new Build Order

HeRoMaRinE Terran - Winner!

Build Orders: Gas First Reaper Expand, Reaper Expand, Banshee Rush 

Get SALT Encoding   

  12  0:00  SCV  
  13  0:13  SCV  
  14  0:17  Supply Depot  
  14  0:25  SCV  
  14  0:27  Refinery  
  15  0:38  SCV  
  16  0:44  Barracks  
  16  0:50  SCV  
  17  1:02  SCV  
  18  1:14  SCV  
  19  1:31  Orbital Command, Reaper  
  20  1:42  Command Center  
  20  1:53  Factory  
  20  1:57  SCV  
  21  2:03  Refinery  
  21  2:09  SCV  
  21  2:12  Barracks Reactor  
  21  2:15  Supply Depot  
  22  2:21  SCV  
  23  2:36  SCV  
  24  2:38  Starport  
  24  2:39  Widow Mine  
  26  2:48  Marine x2, SCV  
  29  2:56  Orbital Command  
  29  3:01  SCV  
  33  3:13  SCV  
  33  3:15  Starport Tech Lab  
  33  3:16  Marine  
  33  3:17  Marine  
  36  3:21  SCV  
  36  3:25  Factory Tech Lab, SCV  
  35  3:28  Supply Depot  
  35  3:32  Cloaking Field  
  35  3:33  SCV  
  36  3:35  Banshee  
  36  3:39  Marine x2  
  41  3:44  SCV  
  41  3:45  SCV  
  43  3:48  Siege Tank  
  43  3:54  Supply Depot  
  46  3:56  SCV  
  46  3:57  SCV  
  46  3:59  Marine x2  
  50  4:08  SCV  
  52  4:11  Supply Depot  
  52  4:17  Marine x2  
  51  4:18  Banshee  
  51  4:20  SCV x2  
  58  4:30  Siege Tank  
  61  4:32  SCV  
  61  4:33  Supply Depot, SCV  
  61  4:34  Marine  
  61  4:35  Marine  
  65  4:42  Supply Depot  
  65  4:44  SCV  
  65  4:45  SCV  
  67  4:52  Marine x2  
  67  4:56  SCV  
  67  4:57  SCV  
  70  5:09  SCV x2  
  70  5:10  Marine x2  
  74  5:16  Siege Tank  
  74  5:17  Command Center  
  74  5:19  Barracks  
  74  5:21  SCV x2  
  78  5:27  Barracks  
  78  5:28  Marine x2  
  80  5:33  SCV x2  
  82  5:36  Banshee  
  85  5:45  SCV  
  86  5:50  Siege Tank, Marine x2, SCV  
  92  5:57  SCV  
  92  5:59  Bunker  
  92  6:02  SCV  
  94  6:09  Barracks  
  94  6:10  Refinery x2  
  94  6:11  SCV, Marine x2, Barracks  
  94  6:12  Barracks Tech Lab  
  94  6:14  Engineering Bay  
  94  6:28  SCV  
  94  6:29  Marine x2  
  90  6:33  SCV  
  90  6:39  Marauder, Siege Tank  
  95  6:40  Orbital Command, SCV  
  95  6:42  Bunker  
  95  6:44  Barracks Tech Lab  
  95  6:47  Marine x2  
  96  6:51  SCV  
  96  6:52  SCV  
  100  6:57  Barracks Reactor, Barracks Tech Lab  
  100  7:00  Marauder  
  102  7:04  Marine x2  
  102  7:06  Orbital Command  
  102  7:07  SCV x2  
  103  7:11  Marauder  
  103  7:15  Starport  
  105  7:19  Marine, SCV x2  
  105  7:22  Marine  
  108  7:23  Bunker  
  108  7:27  Factory Reactor  
  108  7:28  Marauder  
  107  7:35  SCV x2  
  96  7:40  Marauder x2  
  96  7:42  Marine x2  
  96  7:43  Marine x2  
  99  7:48  SCV x3  
  99  7:49  Marine  
  103  7:59  Refinery, Barracks  
  103  8:00  SCV x2, Marine, Barracks  
  103  8:01  Barracks, Marauder, SCV  
  103  8:02  Marauder  
  103  8:04  Refinery, Marine x3  
  107  8:08  Marauder  
  107  8:12  Starport Reactor  
  104  8:15  Bunker  
  104  8:16  Factory Reactor  
  104  8:17  Bunker, Supply Depot  
  104  8:18  Marine  
  112  8:31  Supply Depot  
  112  8:32  Supply Depot  
  116  8:35  Missile Turret  
Tags
 
Add a new tag
Caveats
  • Supply blocks, unpowered buildings, or Contaminate may cause inaccurate times.
  • Supply counts are checked every 10 seconds.